AoeStats
← Friedrice4eva

Arena

506331565Analyzed
4v4 RM · 19d ago on Sep 13, 2026· 39m 36s· 8 players
Game mode
Random Map
Map size
Large (8 player)
Population
200
Speed
Normal
Resources
Standard
Victory
Conquest
Starting age
Dark Age
Ending age
Imperial Age
RankedLock teamsTeams togetherTeam positionsShared explorationLock speedFull tech treeHidden civsTurbo modeCheats
Victory
Defeat
🇧🇷 Mongols · Brazil
853
+16
🇦🇺 Sicilians · Australia
785
+19
🇨🇱 Italians · Chile
761
+20
🇬🇹 Bohemians · Guatemala
746
+21
🇦🇺 Burgundians · Australia
944
-56
🇦🇺 Spanish · Australia
854
-19
🇦🇺 Bulgarians · Australia
826
-18
🇦🇺 Vietnamese · Australia
805
-17
Moist-bunny2
11:19 Feudal Age
12:05 Horse Collar
12:11 Double-Bit Axe
15:05 Loom
15:56 Wheelbarrow
18:16 Castle Age
16:41 Stone Mining
18:47 Gold Mining
22:08 Bow Saw
22:03 Heavy Plow
27:09 Hand Cart
31:46 Imperial Age
29:59 Bloodlines
29:49 Husbandry
29:58 Scale Barding Armor
30:03 Forging
32:26 Chain Barding Armor
31:54 Cavalier
33:12 Iron Casting
32:45 Town Watch
33:59 Conscription
34:54 Plate Barding Armor
36:18 Blast Furnace
35:26 Hauberk
35:58 Murder Holes
36:24 Ballistics
36:18 Masonry
36:46 Town Patrol
37:11 Light Cavalry
Estuardocr7
13:15 Feudal Age
11:57 Loom
13:47 Double-Bit Axe
20:24 Castle Age
23:32 Wagenburg Tactics
24:27 Fletching
28:14 Fervor
31:10 Imperial Age
30:45 Wheelbarrow
29:57 Town Watch
31:04 Ballistics
32:10 Hand Cart
32:24 Bodkin Arrow
34:17 Conscription
41:08 Chemistry
40:19 Masonry
40:14 Bracer
Juan Carlos Bodoque
1:21 Loom
11:02 Feudal Age
11:51 Town Watch
12:45 Double-Bit Axe
16:53 Castle Age
15:38 Stone Mining
15:44 Gold Mining
17:15 Fletching
21:36 Wheelbarrow
25:25 Bodkin Arrow
29:05 Silk Road
33:11 Imperial Age
30:55 Murder Holes
31:49 Masonry
34:25 Ballistics
34:57 Bracer
37:15 Padded Archer Armor
38:34 Conscription
KatituWanted
0:51 Loom
10:16 Feudal Age
11:49 Double-Bit Axe
16:54 Castle Age
15:22 Stone Mining
15:23 Gold Mining
15:34 Horse Collar
17:35 Wheelbarrow
18:45 Bow Saw
19:12 Gold Shaft Mining
28:35 Stone Shaft Mining
32:22 Imperial Age
30:58 Gold Shaft Mining
31:02 Hand Cart
31:47 Fletching
32:09 Forging
33:10 Ballistics
32:50 Bodkin Arrow
34:03 Chemistry
33:16 Masonry
33:11 Padded Archer Armor
33:17 Scale Barding Armor
32:37 Elite Mangudai
33:37 Conscription
32:50 Capped Ram
34:11 Drill
33:53 Nomads
34:11 Siege Ram
38:00 Bracer
38:35 Iron Casting
38:16 Leather Archer Armor
38:21 Chain Barding Armor
Phở
11:30 Feudal Age
23:13 Castle Age
22:29 Padded Archer Armor
23:18 Elite Skirmisher
27:54 Double-Bit Axe
30:12 Bow Saw
36:08 Man-at-Arms
42:22 Imperial Age
Peasantz
10:58 Feudal Age
9:13 Loom
16:30 Castle Age
14:37 Double-Bit Axe
15:02 Horse Collar
15:20 Stone Mining
20:24 Wheelbarrow
20:01 Bow Saw
20:26 Fletching
23:05 Gold Mining
23:44 Scale Barding Armor
30:41 Heavy Plow
33:55 Imperial Age
36:10 Chemistry
37:03 Pikeman
37:45 Elite Skirmisher
37:51 Halberdier
38:39 Man-at-Arms
Friedrice4eva
12:49 Feudal Age
16:29 Double-Bit Axe
16:27 Horse Collar
16:40 Stone Mining
16:41 Gold Mining
20:13 Castle Age
18:47 Bow Saw
19:49 Man-at-Arms
20:38 Caravan
21:21 Heavy Plow
24:32 Two-Man Saw
24:06 Crop Rotation
30:43 Cavalier
31:24 Husbandry
32:33 Wheelbarrow
32:58 Town Watch
33:33 Hand Cart
36:31 Imperial Age
36:22 Murder Holes
ShadowVY
11:10 Feudal Age
16:02 Castle Age
14:54 Double-Bit Axe
16:17 Horse Collar
23:59 Husbandry
24:13 Bloodlines
24:52 Forging
25:47 Heavy Plow
26:49 Husbandry
28:24 Gold Mining
28:57 Scale Barding Armor
29:28 Iron Casting
31:05 Chain Barding Armor
31:17 Squires
32:21 Gold Shaft Mining
31:39 Stone Mining
36:22 Imperial Age
34:13 Bow Saw
Connection lost

Rejoining the realm…

Still unreachable

The connection could not be restored.

Session expired

The server has moved on; the page needs a fresh start.